 Dungeon Crawl Stone Soup version 0.31-a0-845-g9abc20d24f (webtiles) character file.

Game seed: 6152194504421014345

132 Ethylacetat the Changeling (level 5, -1/34 HPs)
             Began as an Octopode Shapeshifter on Oct 3, 2023.
             Slain by Robin
             ... wielding a +0 dagger
              (3 damage)
             ... on level 2 of the Dungeon.
             The game lasted 00:01:56 (915 turns).

Ethylacetat the Changeling (Octopode Shapeshifter)   Turns: 915, Time: 00:01:57

Health: -1/34      AC:  1    Str: 13    XL:     5   Next: 15%
Magic:  5/5        EV: 13    Int: 12    God:
Gold:   88         SH:  0    Dex: 14    Spells: 4/4 levels left

rFire   . .          .
                       - Unarmed
rCold   . . .        (no shield)
rNeg    . . .        (helmet currently unavailable)
rPois   .            (no amulet)
rElec   .            (no ring)
rCorr   .            (no ring)
SInv    .            (no ring)
Will    .....        (no ring)
Stlth   ++           (no ring)
HPRegen 0.25/turn    (no ring)
MPRegen 0.09/turn    (no ring)
                     (no ring)

%: no passive effects
@: beast-form
A: beast (slay +2), almost no armour, amphibious, 8 rings, camouflage 1,
gelatinous body 1, (nimble swimmer 1), tentacles
a: Begin Untransformation


You were on level 2 of the Dungeon.
You were a hulking beast.
You visited 1 branch of the dungeon, and saw 2 of its levels.

You collected 88 gold pieces.

Inventory:

Jewellery
 i - an amulet of the acrobat
Talismans
 b - a beast talisman (active)
 c - a flux talisman
Scrolls
 d - 2 scrolls of amnesia {unknown}
 f - a scroll of silence {unknown}
 g - 2 scrolls of identify {unknown}
 h - a scroll of revelation {unknown}
 k - a scroll of immolation {unknown}
 l - a scroll of teleportation {unknown}
Potions
 a - a potion of lignification
 e - 2 potions of enlightenment {unknown}
 j - a potion of curing {unknown}
 m - a potion of heal wounds {unknown}


   Skills:
 + Level 2.1 Fighting
 + Level 2.8 Dodging
 + Level 3.6 Unarmed Combat
 * Level 4.1 Shapeshifting


You had 4 spell levels left.
You didn't know any spells.
Your spell library was empty.

Dungeon Overview and Level Annotations

Branches:
Dungeon (2/15)

Altars:
Wu Jian

Shops:
D:1 [

Annotations:
D:2 Robin


Innate Abilities, Weirdness & Mutations

You are a hulking beast.
Your limbs bulge with bestial killing power. (Slay +2)
You cannot wear most types of armour.
You are amphibious.
You can wear up to eight rings at the same time.
Your skin changes colour to match your surroundings (Stealth+).
Your rubbery body absorbs attacks. (AC +1, EV +1)
((You are camouflaged when in or above water. (Stealth+)))
You have tentacles for arms and can constrict up to eight enemies at once.


Message History

You barely miss the goblin. You grab the goblin. You constrict the goblin.
The goblin closely misses you.
You bludgeon the goblin!
You kill the goblin!
Robin roars a battlecry!
You hear a shout!
You barely miss the hobgoblin. Your grab misses the hobgoblin.
The hobgoblin hits you.
* * * LOW HITPOINT WARNING * * *
Unknown command.
You tentacle-slap the hobgoblin. Your grab misses the hobgoblin.
The hobgoblin is heavily wounded.
The hobgoblin misses you. Robin closely misses you.
You closely miss the hobgoblin. Your grab misses the hobgoblin.
You squeeze the hobgoblin, but do no damage.
The hobgoblin is heavily wounded.
The hobgoblin barely misses you. Robin hits you with a +0 dagger.
* * * LOW HITPOINT WARNING * * *
You tentacle-slap the hobgoblin. You grab the hobgoblin.
The hobgoblin is almost dead.
You constrict the hobgoblin.
You kill the hobgoblin!
Robin hits you with a +0 dagger.
* * * LOW HITPOINT WARNING * * *
You barely miss Robin. Your grab misses Robin. Robin closely misses you.
You tentacle-slap Robin. You grab Robin.
Robin is lightly wounded.
You constrict Robin, but do no damage. Robin hits you with a +0 dagger.
* * * LOW HITPOINT WARNING * * *
You tentacle-slap Robin. You squeeze Robin.
Robin is heavily wounded.
You constrict Robin, but do no damage. You completely miss Robin.
Robin is heavily wounded.
You constrict Robin. Robin misses you.
You tentacle-slap Robin but do no damage.
Robin is heavily wounded.
You constrict Robin. Robin hits you with a +0 dagger.
You die...
Robin lets out a smug laugh.

#.......#.....#
#.......#####.#
###.......#####.#
#...............#
#.#.......#####.#
##.'.......#######
####<##.......#.^...###
.....).........g)....>#
####.######..))#h#..#.#
.....# ####.##.#+#..#.#
.....# #....##).....#.#
.....# #....##g.....#.#
.....###....##..g...#.#
.......+.....'......#.#
#'######....##......#.#
.......)...))..)..#.#.#
#(#######'#######)#.#.#


You could see Robin.

Vanquished Creatures
  Jessica (D:2)
  Natasha (D:2)
  2 adders (D:2)
  A dart slug (D:1)
  7 bats
  2 endoplasms
  2 giant cockroaches (D:1)
  13 goblins
  9 hobgoblins
  3 jackals (D:1)
  3 kobolds
  A quokka (D:1)
  4 ball pythons
  3 frilled lizards (D:1)
  4 rats
56 creatures vanquished.

Notes
Turn   | Place    | Note
-------+----------+-------------------------------------------
     0 | D:1      | Ethylacetat the Octopode Shapeshifter began the quest for
                  | the Orb.
     0 | D:1      | Reached XP level 1. HP: 13/13 MP: 1/1
    55 | D:1      | Reached XP level 2. HP: 18/18 MP: 2/2
   134 | D:1      | Found Loihoy's Armour Shoppe.
   277 | D:1      | Found a faded altar of an unknown god.
   283 | D:1      | Prayed at the altar of an unknown god.
   283 | D:1      | Became a worshipper of the Wu Jian Council
   283 | D:1      | Reached * piety under Wu Jian
   308 | D:1      | Fell from the grace of Wu Jian
   318 | D:1      | Reached XP level 3. HP: 19/23 MP: 3/3
   614 | D:2      | Noticed Jessica
   617 | D:2      | Killed Jessica
   618 | D:2      | Reached XP level 4. HP: 26/29 MP: 4/4
   639 | D:2      | Noticed Natasha
   645 | D:2      | Killed Natasha
   697 | D:2      | Reached skill level 4 in Shapeshifting
   703 | D:2      | Reached XP level 5. HP: 22/34 MP: 5/5
   891 | D:2      | Noticed Robin
   915 | D:2      | Slain by Robin

Illustrated notes

Levels and vault maps discovered:
D:1:      noname_arrival_rooms_in_the_neighbourhood, layout_rooms, serial_shops,
          shop, shapermc_ecumenical_altar_hornbeckon
D:2:      layout_basic, uniq_robin, uniq_natasha, uniq_jessica

Skill      XL: |  1  2  3  4 |
---------------+-------------+-----
Fighting       | 2 |  2.1
Shapeshifting  | 4 |  4.1
Dodging        | |  2.8
Unarmed Combat | |  3.6

Action                     |  1- 3 |  4- 6 || total
---------------------------+-------+-------++-------
  Melee: Unarmed           |    65 |    45 ||   110
         Constrict         |    18 |    14 ||    32
         Tentacles         |     8 |    10 ||    18
         Punch             |     1 |       ||     1
 Invoke: Renounce Religion |     1 |       ||     1
   Stab: Sleeping          |     3 |       ||     3
 Armour: Skin              |    21 |    27 ||    48
  Dodge: Dodged            |    41 |    25 ||    66

Table legend: (Time is in decaauts)
 A = Elapsed time spent in this place.
 B = Non-inter-level travel time spent in this place.
 C = Inter-level travel time spent in this place.
 D = Time resting spent in this place.
 E = Time spent auto-exploring this place.
 F = Levels seen in this place.
 G = Mean time per level.
                   A        B        C        D        E       F      G
               +--------+--------+--------+--------+--------+-----+--------+
         Total |    907 |    895 |     12 |      0 |    653 |   2 |  453.5 |
       Dungeon |    907 |    895 |     12 |      0 |    653 |   2 |  453.5 |
               +--------+--------+--------+--------+--------+-----+--------+

Top non-repeatable levels by time:
     D:1: 477 daAuts
     D:2: 429 daAuts
